 Dungeon Crawl Stone Soup version 0.30-a0-1018-g25214051b3 (webtiles) character file.

Game seed: 17454968948559955030

164 HoaS the Shooter (level 5, 0/38 HPs)
             Began as a Formicid Hunter on Apr 7, 2023.
             Was an Initiate of Gozag.
             Slain by an iguana (8 damage)
             ... on level 4 of the Dungeon.
             The game lasted 00:04:59 (1893 turns).

HoaS the Shooter (Formicid Hunter)                  Turns: 1893, Time: 00:05:00

Health: 0/38       AC:  3    Str: 16    XL:     5   Next: 73%
Magic:  5/5        EV: 12    Int:  8    God:    Gozag
Gold:   225        SH:  0    Dex: 19    Spells: 4/4 levels left

rFire   . . .      SeeInvis +    a - +0 shortbow
rCold   . . .      Faith    .    (no shield)
rNeg    . . .      Spirit   .    c - +0 leather armour
rPois   .          Reflect  .    (helmet unavailable)
rElec   .          Rampage  .    (no cloak)
rCorr   .                        (no gloves)
Will    .....                    (no boots)
Stlth   ++                       (no amulet)
HPRegen 0.26/turn                (no ring)
MPRegen 0.09/turn                (no ring)

@: gold aura
A: permanent stasis, dig shafts and tunnels, antennae 3, four strong arms
a: Dig, Shaft Self, Renounce Religion, Potion Petition, Call Merchant, Bribe
Branch


You were on level 4 of the Dungeon.
You worshipped Gozag.
Gozag was aware of your devotion.
You visited 1 branch of the dungeon, and saw 4 of its levels.

You collected 275 gold pieces.
You paid 50 gold pieces to Gozag.

Inventory:

Hand Weapons
 a - a +0 shortbow (weapon)
Armour
 c - a +0 leather armour (worn)
Wands
 l - a wand of flame (32)
Scrolls
 b - a scroll of immolation
 e - a scroll of fog
Potions
 d - a potion of haste
 f - a potion of flight
 g - a potion of magic {unknown}
 h - 3 potions of curing
 i - a potion of resistance {unknown}
 j - a potion of attraction {unknown}
 k - a potion of experience {unknown}


   Skills:
 - Level 2.1 Fighting
 + Level 6.5 Ranged Weapons
 - Level 1.7 Dodging
 - Level 1.2 Stealth


You had 4 spell levels left.
You didn't know any spells.
Your spell library contained the following spells:

 Spells                   Type           Power      Damage    Failure   Level
 Freeze                   Ice            0%         1d3       47%         1
 Cigotuvi's Dreadful Rot  Necr/Pois/Air  0%         N/A       63%         2
 Frozen Ramparts          Ice            0%         1d1       85%         3
 Hailstorm                Conj/Ice       0%         3d3       85%         3
 Ignite Poison            Fire/Tmut/Pois 0%         N/A       85%         3
 Dispel Undead            Necr           0%         3d6       99%         4
 Ice Form                 Ice/Tmut       0%         N/A       99%         4
 Summon Ice Beast         Ice/Summ       0%         N/A       99%         4
 Freezing Cloud           Conj/Ice/Air   0%         6-21      100%        5
 Death Channel            Necr           0%         N/A       100%        6


Dungeon Overview and Level Annotations

Branches:
Dungeon (4/15)
 Temple: D:4-7

Altars:
Dithmenos
Gozag
Hepliaklqana
Sif Muna
Yredelemnul

Shops:
D:4 (

Annotations:
D:3 Grinder
D:4 exclusion: scorpion


Innate Abilities, Weirdness & Mutations

You cannot be hasted, slowed, berserked, paralysed or teleported.
You can dig through walls and to a lower floor.
You have a pair of large antennae on your head. (SInv)
Your four strong arms can wield two-handed weapons with a shield.


Message History

Found a club.
The iguana hisses angrily.
An orc comes into view. It is wielding a +0 club.
The orc shouts!
You shoot an arrow.
The arrow hits the iguana but does no damage.
You shoot an arrow.
The arrow hits the iguana but does no damage.
You shoot an arrow.
The arrow hits the iguana but does no damage.
The iguana bites you! x2
You shoot an arrow. The arrow hits the iguana.
The iguana is lightly wounded.
The iguana bites you. The endoplasm completely misses you.
You are too injured to fight recklessly!
The iguana attacks as you move away! The iguana completely misses you.
The endoplasm attacks as you move away!
The endoplasm hits you but does no damage.
You shoot an arrow.
The arrow hits the iguana but does no damage.
The iguana is lightly wounded.
The iguana bites you.
You are too injured to fight recklessly!
You are too injured to fight recklessly!
You shoot an arrow. The arrow closely misses the iguana.
The arrow hits the endoplasm!
You kill the endoplasm!
The iguana bites you!
* * * LOW HITPOINT WARNING * * *
You shoot an arrow. The arrow barely misses the iguana.
The arrow hits the orc.
The orc is heavily wounded.
The iguana completely misses you.
You shoot an arrow. The arrow hits the iguana!
The iguana is severely wounded.
The iguana misses you.
You shoot an arrow. The arrow hits the iguana.
The iguana is almost dead.
The iguana closely misses you. The iguana bites you!
You die...
Your body crumbles into a pile of gold.

...#...)...............
.. #..##.............≈.
... .
#.................≈≈
#... ......#...8....##.
. ...
#####....8.8.......
##..######..8...8.)..#.
#...#..# ##8..∩..8...#
#.....###..8...8...##
#### #..ol@...8.8.....#
#...##..###....8........
#......## ##.....#......
#......#########.#.....
####..##..######.#.....
#..#......#.......##
#.....o#.........#
#.................#
#####.J............


You could see an iguana and an orc.

Vanquished Creatures
  A centaur (D:4)
  2 adders (D:2)
  A worm (D:4)
  2 dart slugs (D:4)
  6 orcs
  5 endoplasms
  3 giant cockroaches (D:1)
  3 goblins
  3 hobgoblins
  3 jackals (D:1)
  4 kobolds
  4 quokkas
  3 ball pythons
  3 bats
  7 frilled lizards
  3 rats
53 creatures vanquished.

Vanquished Creatures (others)
  4 fungi (D:4)
4 creatures vanquished.

Grand Total: 57 creatures vanquished

Notes
Turn   | Place    | Note
-------+----------+-------------------------------------------
     0 | D:1      | HoaS the Formicid Hunter began the quest for the Orb.
     0 | D:1      | Reached XP level 1. HP: 16/16 MP: 1/1
    77 | D:1      | Reached XP level 2. HP: 22/22 MP: 2/2
    79 | D:1      | Found a faded altar of an unknown god.
   270 | D:1      | Reached XP level 3. HP: 27/27 MP: 3/3
   729 | D:2      | Reached skill level 5 in Ranged Weapons
  1048 | D:2      | Reached XP level 4. HP: 33/33 MP: 4/4
  1192 | D:3      | Found an opulent altar of Gozag.
  1205 | D:3      | Became a worshipper of Gozag Ym Sagoz the Greedy
  1236 | D:3      | Found a shimmering blue altar of Sif Muna.
  1368 | D:3      | Noticed Grinder
  1542 | D:4      | Found a hazy altar of Hepliaklqana.
  1566 | D:4      | Noticed a scorpion
  1570 | D:4      | Found a basalt altar of Yredelemnul.
  1601 | D:4      | Noticed a centaur
  1613 | D:4      | Killed a centaur
  1614 | D:4      | Reached skill level 6 in Ranged Weapons
  1614 | D:4      | Reached XP level 5. HP: 7/38 MP: 5/5
  1749 | D:4      | Found a shadowy altar of Dithmenos.
  1755 | D:4      | Found Hudo's Weapon Shoppe.
  1893 | D:4      | Slain by an iguana

Illustrated notes

Levels and vault maps discovered:
D:1:      roderic_crossed_star, layout_loops_ring,
          hellmonk_ecumenical_altar_zigzags
D:2:      layout_basic
D:3:      layout_loops_ring, amcnicky_altar_gilded, old_standard_altar,
          portal_sewer_entry_e, uniq_crazy_yiuf_cottage, uniq_grinder
D:4:      layout_cave_pools, mainiacjoe_overflow_small_starburst,
          nicolae_overflow_hidden_temple, mainiacjoe_overflow_chevrons,
          lemuel_tele_altar, serial_shops, nicolae_diamond_shop

Skill      XL: |  1  2  3  4 |
---------------+-------------+-----
Ranged Weapons | 5 6 |  6.5
Fighting       | |  2.1
Dodging        | |  1.7
Stealth        | |  1.2

Action                     |  1- 3 |  4- 6 || total
---------------------------+-------+-------++-------
   Fire: Shortbow          |    63 |    76 ||   139
    Use: Scroll            |     3 |     2 ||     5
 Armour: Leather armour    |     6 |    15 ||    21
  Dodge: Dodged            |    13 |    18 ||    31

Table legend: (Time is in decaauts)
 A = Elapsed time spent in this place.
 B = Non-inter-level travel time spent in this place.
 C = Inter-level travel time spent in this place.
 D = Time resting spent in this place.
 E = Time spent auto-exploring this place.
 F = Levels seen in this place.
 G = Mean time per level.
                   A        B        C        D        E       F      G
               +--------+--------+--------+--------+--------+-----+--------+
         Total |   1930 |   1869 |     61 |    142 |   1265 |   4 |  482.5 |
       Dungeon |   1930 |   1869 |     61 |    142 |   1265 |   4 |  482.5 |
               +--------+--------+--------+--------+--------+-----+--------+

Top non-repeatable levels by time:
     D:1: 612 daAuts
     D:2: 590 daAuts
     D:4: 404 daAuts
     D:3: 323 daAuts
